 Dungeon Crawl Stone Soup version 0.30-a0-578-gdee14c521f (webtiles) character file.

Game seed: 17643744011186385013

39 jfcaron the Scratcher (level 3, -1/15 HPs)
             Began as a Felid Transmuter on Jan 1, 2023.
             Slain by an adder (3 damage)
             ... on level 2 of the Dungeon.
             The game lasted 00:04:38 (1098 turns).

jfcaron the Scratcher (Felid Transmuter)            Turns: 1098, Time: 00:04:39

Health: -1/15      AC:  1    Str:  6    XL:     3   Next: 26%
Magic:  6/7        EV: 17    Int: 16    God:
Gold:   50         SH:  0    Dex: 16    Spells: 3/6 levels left
                                        Lives:  0   Deaths: 0

rFire   . . .      SeeInvis +      - Unarmed
rCold   . . .      Faith    .    (shield unavailable)
rNeg    . . .      Spirit   .    (body armour unavailable)
rPois   .          Reflect  .    (helmet unavailable)
rElec   .          Harm     .    (cloak unavailable)
rCorr   .          Rampage  .    (gloves unavailable)
Will    .....                    (boots unavailable)
Stlth   ++                       (no amulet)
HPRegen 0.22/turn                (no ring)
MPRegen 0.10/turn                (no ring)

@: lethally poisoned (-1 -> -7), appendages, invisible, quick
A: horns 2, very small, claws 1, fangs 3, see invisible, speed 1, shaggy fur 1,
stealthy paws, no weapons or thrown items, no armour, multi-lived
a: End Transformation


You were on level 2 of the Dungeon.
You had temporarily grown beastly horns.
You visited 1 branch of the dungeon, and saw 2 of its levels.

You collected 50 gold pieces.

Inventory:

Wands
 g - a wand of polymorph (10)
Scrolls
 b - a scroll of vulnerability {unknown}
 c - a scroll of torment {unknown}
 d - 2 scrolls of teleportation {unknown}
 f - 3 scrolls of blinking {unknown}
 h - a scroll of fear {unknown}
 i - a scroll of immolation {unknown}
 j - a scroll of identify {unknown}
 k - a scroll of amnesia {unknown}
Potions
 a - a potion of lignification
 e - a potion of invisibility
 l - a potion of ambrosia {unknown}


   Skills:
 + Level 1.6 Fighting
 + Level 3.1 Dodging
 + Level 1.3 Stealth
 * Level 3.5 Unarmed Combat
 - Level 2.0 Spellcasting
 + Level 2.5 Transmutations


You had 3 spell levels left.
You knew the following spells:

 Your Spells              Type           Power      Damage    Failure   Level
a - Beastly Appendage     Tmut           18%        N/A       7%          1
b - Wereblood             Tmut           9%         N/A       11%         2

Your spell library contained the following spells:

 Spells                   Type           Power      Damage    Failure   Level
 Spider Form              Tmut/Pois      5%         N/A       36%         3
 Ice Form                 Ice/Tmut       5%         N/A       77%         4


Dungeon Overview and Level Annotations

Branches:
Dungeon (2/15)

Altars:


Innate Abilities, Weirdness & Mutations

You have temporarily grown beastly horns.
You have sharp claws.
You have razor-sharp teeth.
You have supernaturally acute eyesight. (SInv)
You cover ground quickly. (Speed+)
You are covered in fur. (AC +1)
Your paws help you pounce on unaware monsters.
You are incapable of wielding weapons or throwing items.
You cannot wear armour.
You gain extra lives every three experience levels.


Message History

Things that are here:
a +0 dagger; a goblin corpse
d - 2 scrolls labelled AMELIALLASTA (gained 1)
f - 3 scrolls labelled YWEAVV NICZU (gained 1)
Your horns disappear.
l - a viscous green potion You now have 43 gold pieces (gained 4).
There is a stone staircase leading up here.
A rat comes into view.
You see here 7 gold pieces.
Casting: Beastly Appendage (safe; 7% risk of failure)
Confirm with . or Enter, or press ? or * to list all spells.
You grow a pair of large bovine horns.
You scratch the rat.
You kill the rat!
No target in view!
No target in view!
You now have 50 gold pieces (gained 7).
Your transformation is almost over.
Your horns disappear.
An adder comes into view.
The adder hisses angrily.
Casting: Beastly Appendage (safe; 7% risk of failure)
Confirm with . or Enter, or press ? or * to list all spells.
You grow a pair of large bovine horns.
You completely miss the adder. Your headbutt misses the adder.
The adder bites you.
You are poisoned.
The adder poisons you!
You closely miss the adder.
You feel sick. The adder bites you.
You barely miss the adder.
You feel sick. The adder misses you. The adder bites you.
* * * LOW HITPOINT WARNING * * *
You are lethally poisoned!
The adder poisons you!
It was a potion of invisibility.
You fade into invisibility!
* * * LOW HITPOINT WARNING * * *
You feel sick. The adder bites you.
You die...

##...#.###.
####..###..... .
.............# .
###.##......## ##.
..............## ?.
................#.#
............#. ...
............# #S#
............####@#
.................##
..................##
...................#
............#.....##
...##......##.#....#
#.##...####...#.#..##
..รท..#####..###.#.....
(.######...## #.#.###..


You could see an adder (unable to see you).

Vanquished Creatures
  An adder (D:2)
  A worm (D:2)
  2 endoplasms (D:1)
  3 hobgoblins
  4 jackals (D:2)
  2 kobolds (D:1)
  A quokka (D:2)
  4 ball pythons
  2 bats
  2 frilled lizards (D:1)
  A goblin (D:2)
  3 rats
26 creatures vanquished.

Notes
Turn   | Place    | Note
-------+----------+-------------------------------------------
     0 | D:1      | jfcaron the Felid Transmuter began the quest for the Orb.
     0 | D:1      | Reached XP level 1. HP: 9/9 MP: 4/4
   228 | D:1      | You fall into a shaft and drop 1 floor!
   263 | D:2      | Reached XP level 2. HP: 12/12 MP: 4/6
   289 | D:2      | Learned a level 2 spell: Wereblood
   367 | D:2      | Reached skill level 1 in Stealth
   715 | D:1      | Found a faded altar of an unknown god.
   906 | D:2      | Reached XP level 3. HP: 13/15 MP: 5/7
  1098 | D:2      | HP: 2/15 [poisoned by an adder]
  1098 | D:2      | Slain by an adder

Illustrated notes

Levels and vault maps discovered:
D:1:      elethiomel_arrival_shortcut, layout_basic,
          chequers_ecumenical_altar_lobes
D:2:      layout_rooms, hex_tiny

Skill      XL: |  1  2 |
---------------+-------+-----
Stealth        | 1 |  1.3
Dodging        | 3 |  3.1
Fighting       | |  1.6
Unarmed Combat | |  3.5
Spellcasting   | |  2.0
Transmutations | |  2.5

Action                   || total
-------------------------++-------
Melee: Unarmed           ||    93
       Bite              ||     7
       Headbutt          ||     6
       Punch             ||     1
 Cast: Beastly Appendage ||    18
  Use: Potion            ||     1
 Stab: Sleeping          ||     1
Armor: Skin              ||     8
Dodge: Dodged            ||    78

Table legend: (Time is in decaauts)
 A = Elapsed time spent in this place.
 B = Non-inter-level travel time spent in this place.
 C = Inter-level travel time spent in this place.
 D = Time resting spent in this place.
 E = Time spent auto-exploring this place.
 F = Levels seen in this place.
 G = Mean time per level.
                   A        B        C        D        E       F      G
               +--------+--------+--------+--------+--------+-----+--------+
         Total |    925 |    868 |     57 |     29 |    598 |   2 |  462.5 |
       Dungeon |    925 |    868 |     57 |     29 |    598 |   2 |  462.5 |
               +--------+--------+--------+--------+--------+-----+--------+

Top non-repeatable levels by time:
     D:1: 541 daAuts
     D:2: 384 daAuts

Table legend:
 A = Kills in this place as a percentage of kills in entire the game.
 B = Kills by you in this place as a percentage of kills by you in the entire game.
 C = Kills by friends in this place as a percentage of kills by friends in the entire game.
 D = Other kills in this place as a percentage of other kills in the entire game.
 E = Experience gained in this place as a percentage of experience gained in the entire game.
 F = Experience gained in this place divided by the number of levels of this place that you have seen.
                   A       B       C       D       E      F
               +-------+-------+-------+-------+-------+----------------------
         Total | 100.0 | 100.0 |   N/A |   N/A | 100.0 |  28.0
       Dungeon | 100.0 | 100.0 |   N/A |   N/A | 100.0 |  28.0
               +-------+-------+-------+-------+-------+----------------------
